 Dungeon Crawl Stone Soup version 0.31-a0-237-g2d982f9f85 (webtiles) character file.

Game seed: 3049658282104230880

231 qw the Shooter (level 6, -5/37 HPs)
             Began as a Gargoyle Hexslinger on July 11, 2023.
             Slain by Duvessa
             ... wielding a +0 rapier
              (20 damage)
             ... on level 4 of the Dungeon.
             The game lasted 00:01:08 (2510 turns).

qw the Shooter (Gargoyle Hexslinger)                Turns: 2510, Time: 00:01:08

Health: -5/37      AC: 10    Str: 12    XL:     6   Next: 3%
Magic:  7/7        EV: 10    Int: 13    God:
Gold:   166        SH:  0    Dex: 14    Spells: 6/7 levels left

rFire   . . .        Y - +4 sling
rCold   . . .        (no shield)
rNeg    + . .        e - +0 ring mail
rPois   inf          a - +0 helmet
rElec   +            (no cloak)
rCorr   .            (no gloves)
SInv    .            (no boots)
Will    .....        (no amulet)
Stlth   +            (no ring)
HPRegen 0.26/turn    (no ring)
MPRegen 0.10/turn

%: no passive effects
@: no status effects
A: sickness immunity, AC +4, negative energy resistance 1, electricity
resistance, torment resistance 1, petrification resistance
a: no special abilities


You were on level 4 of the Dungeon.
You visited 1 branch of the dungeon, and saw 4 of its levels.

You collected 166 gold pieces.


Innate Abilities, Weirdness & Mutations

You are immune to sickness and miasma.
Your stone body is resilient. (AC +4)
You are immune to poison.
You resist negative energy. (rN+)
You are resistant to electric shocks. (rElec)
You are resistant to unholy torment.
You are immune to petrification.


   Skills:
 - Level 3.0 Fighting
 - Level 5.4 Ranged Weapons
 + Level 0.0 Armour
 - Level 1.5 Dodging
 - Level 1.0 Spellcasting
 - Level 2.6 Hexes


You had 6 spell levels left.
You knew the following spells:

 Your Spells              Type           Power      Damage    Failure   Level
a - Slow                  Hex            28%        N/A       22%         1

Your spell library contained the following spells:

 Spells                   Type           Power      Damage    Failure   Level
 Inner Flame              Hex/Fire       4%         N/A       73%         3
 Portal Projectile        Hex/Tloc       8%         N/A       73%         3
 Cause Fear               Hex            3%         N/A       91%         4

Inventory:

Hand Weapons
 Y - a +4 sling (weapon)
Armour
 a - a +0 helmet (worn)
 b - a scarf of repulsion
 e - a +0 ring mail (worn)
Jewellery
 c - a ring of positive energy
 g - a ring of ice
Scrolls
 m - 2 scrolls of teleportation {unknown}
Potions
 d - a potion of curing {unknown}
 f - a potion of degeneration {unknown}
 h - a potion of resistance
 i - a potion of heal wounds {unknown}
 j - a potion of might
 k - a potion of enlightenment {unknown}
 l - a potion of lignification {unknown}

Dungeon Overview and Level Annotations

Branches:
Dungeon (4/15)
 Temple: D:4-7

Altars:

Annotations:
D:2 1 runed translucent door, Crazy Yiuf
D:3 1 transporter, qw's ghost, amateur GrHs
D:4 Duvessa


Message History

You shoot a sling bullet. The sling bullet closely misses Dowan.
The sling bullet closely misses the adder.
You shoot a sling bullet.
The sling bullet completely misses Dowan.
The sling bullet hits the adder.
The adder is heavily wounded.
Dowan hits you with a +0 dagger. Duvessa hits you but does no damage.
Dowan gestures at you while chanting. The puff of flame misses you.
Duvessa hits you with a +0 rapier.
You shoot a sling bullet. The sling bullet hits Dowan.
Dowan is heavily wounded.
Dowan hits you but does no damage. Duvessa barely misses you.
You shoot a sling bullet. The sling bullet hits Dowan!
Dowan is severely wounded.
Dowan gestures at you while chanting. You resist with some effort.
Duvessa hits you but does no damage.
You shoot a sling bullet. The sling bullet barely misses Dowan.
The sling bullet hits the adder.
The adder is almost dead.
Dowan completely misses you. Duvessa hits you with a +0 rapier.
You shoot a sling bullet. The sling bullet hits Dowan.
Dowan is almost dead.
Dowan points at Duvessa and mumbles some strange words.
Duvessa seems to speed up.
Duvessa hits you but does no damage.
Dowan says, "My weaknesses are her strengths!"
Dowan mumbles some strange words.
Dowan blinks!
Duvessa hits you with a +0 rapier.
You shoot a sling bullet. The sling bullet misses the adder.
Duvessa hits you with a +0 rapier. The adder bites you.
You shoot a sling bullet.
The sling bullet barely misses the adder.
Duvessa hits you but does no damage. The adder bites you but does no damage.
Duvessa barely misses you. The adder closely misses you.
You shoot a sling bullet. The sling bullet hits Dowan!
You kill Dowan!
Duvessa screams in rage.
Duvessa goes berserk!
Duvessa hits you with a +0 rapier!!
Ouch! That really hurt!
You die...

# #. .. #.##.#.
.#.... ..... #...#
#...#
.####.eS######
....)..@.....##.
.......)........
........(....#..
.##.......####
#.#...#.# #.#(..#.#
#. #.#...#.#
#.####### #.#...#.#
#.......###.......#


You could see Duvessa (berserk, fast) and an adder.

Vanquished Creatures
  Dowan (D:4)
  3 orc priests (D:3)
  Robin (D:3)
  4 adders
  A worm (D:2)
  A dart slug (D:1)
  4 orcs (D:3)
  5 endoplasms
  4 giant cockroaches
  14 goblins
  11 hobgoblins
  3 jackals (D:3)
  2 kobolds
  A quokka (D:3)
  7 ball pythons
  9 bats
  3 frilled lizards
  9 rats
83 creatures vanquished.

Notes
Turn   | Place    | Note
-------+----------+-------------------------------------------
     0 | D:1      | qw the Gargoyle Hexslinger began the quest for the Orb.
     0 | D:1      | Reached XP level 1. HP: 12/12 MP: 2/2
     0 | D:1      | 0 ||| qw: Version: 0.3-a-52-g30416fa
     0 | D:1      | 0 ||| qw: Game counter: 5424
     0 | D:1      | 0 ||| qw: Melee chars always use a shield: true
     0 | D:1      | 0 ||| qw: God list: Okawaru
     0 | D:1      | 0 ||| qw: Allow faded altars: false
     0 | D:1      | 0 ||| qw: Do Orc after clearing Dungeon:15 true
     0 | D:1      | 0 ||| qw: Do second Lair branch before Depths: true
     0 | D:1      | 0 ||| qw: Lair rune preference: random
     0 | D:1      | 0 ||| qw: Goals: Normal
     0 | D:1      | 0 ||| PLANNING D:1-11
   105 | D:1      | Reached XP level 2. HP: 16/16 MP: 3/3
   209 | D:1      | Reached skill level 3 in Ranged Weapons
   372 | D:1      | Reached XP level 3. HP: 21/21 MP: 4/4
   699 | D:1      | 699 ||| READING 2 scrolls labelled RIJONI TAHUNK.
   700 | D:1      | 700 ||| READING scroll of enchant weapon.
   700 | D:1      | 700 ||| ENCHANTING +2 sling.
   701 | D:1      | 701 ||| READING scroll labelled SUATZAOBIFFE.
   702 | D:1      | 702 ||| DROPPING scroll of poison.
   933 | D:2      | 933 ||| READING scroll of enchant weapon.
   933 | D:2      | 933 ||| ENCHANTING +3 sling.
   961 | D:2      | Found a runed translucent door.
   962 | D:2      | Noticed Crazy Yiuf
  1212 | D:2      | Reached XP level 4. HP: 26/26 MP: 5/5
  1278 | D:2      | Found a faded altar of an unknown god.
  1437 | D:2      | 1437 ||| READING scroll labelled CUPLE ACUCSURY.
  1495 | D:3      | Noticed Robin
  1502 | D:3      | Killed Robin
  1503 | D:3      | Reached skill level 4 in Ranged Weapons
  1579 | D:3      | 1579 ||| UPGRADING to +0 helmet.
  1654 | D:3      | Reached XP level 5. HP: 30/30 MP: 6/6
  1661 | D:3      | Reached skill level 5 in Ranged Weapons
  1952 | D:3      | Reached skill level 3 in Fighting
  1952 | D:3      | You fall into a shaft and drop 1 floor!
  1969 | D:4      | 1969 ||| DRINKING 2 grey potions.
  2116 | D:3      | Found a transporter.
  2116 | D:3      | Noticed qw's ghost (amateur GrHs)
  2210 | D:3      | Reached XP level 6. HP: 37/37 MP: 7/7
  2395 | D:3      | 2395 ||| UPGRADING to +0 leather armour.
  2405 | D:3      | 2405 ||| DROPPING +0 robe.
  2406 | D:3      | 2406 ||| UPGRADING to +0 ring mail.
  2416 | D:3      | 2416 ||| DROPPING +0 leather armour.
  2417 | D:3      | 2417 ||| DRINKING 2 ruby potions.
  2498 | D:4      | Noticed Dowan
  2498 | D:4      | Noticed Duvessa
  2510 | D:4      | Killed Dowan
  2510 | D:4      | Slain by Duvessa

Levels and vault maps discovered:
D:1:      scummos_arrival_gate, layout_basic
D:2:      layout_loops_cross, hellmonk_ecumenical_altar_leap_of_faith,
          serial_bayou_pond_d, kennysheep_generic_room_12,
          uniq_crazy_yiuf_cottage
D:3:      cheibrodos_pilgrimage, layout_loops_ring, gammafunk_ghost_mausoleum,
          amcnicky_mini_pool_small, skrybe_limestone_x, kennysheep_crisscross,
          grunt_ministairs_11, uniq_robin
D:4:      layout_loops_cross, old_standard_altar,
          hellmonk_ghost_happy_afterlife, uniq_duvessa

Skill      XL: |  1  2  3  4  5 |
---------------+----------------+-----
Ranged Weapons | 3 4 5 |  5.4
Fighting       | 2 3 |  3.0
Dodging        | |  1.5
Spellcasting   | |  1.0
Hexes          | |  2.6

Action                     |  1- 3 |  4- 6 || total
---------------------------+-------+-------++-------
   Fire: Sling             |   123 |   133 ||   256
    Use: Scroll            |     4 |     1 ||     5
         Potion            |       |     2 ||     2
 Armour: Robe              |    20 |    22 ||    42
         Ring mail         |       |     6 ||     6
  Dodge: Dodged            |    35 |    42 ||    77

Table legend:
 A = Non-vault XP
 B = Vault XP
 C = Vault XP percentage of total XP
 D = Non-vault monster count
 E = Vault monster count
 F = Vault count percentage of total count
                 A         B        C        D         E       F
            +---------+---------+-------+---------+---------+-------
      Total |     154 |     245 |  61.4 |      62 |      21 |  25.3
            +---------+---------+-------+---------+---------+-------
        D:1 |      51 |       0 |   0.0 |      31 |       0 |   0.0
        D:2 |      34 |       0 |   0.0 |      11 |       0 |   0.0
        D:3 |      69 |     176 |  71.8 |      20 |      20 |  50.0
        D:4 |       0 |      69 | 100.0 |       0 |       1 | 100.0
            +---------+---------+-------+---------+---------+-------
